Workbook

Sheet GT4 BUILD FORM
A1: 2016 VANTAGE GT4 : FIA SPECIFICATION
A2: CUSTOMER: | C2: DATE:
A3: 2016 Vantage GT4 base specification | D3: 158000
A4: Engine & transmission
A5: 4.7 ltr V8 engine with twin plate cera metallic clutch and lightweight flywheel | C5: FALSE
A6: FIA-approved ATL fuel tank 115 litre centrally mounted with twin fill | C6: FALSE
A7: Hot climate engine cooling package | C7: FALSE
A8: 7- speed ASM paddle shift transmission | C8: TRUE
A9: 6-speed manual transmission: - £5600 | B9: #R15-MANUAL-6SPEED | C9: FALSE | D9: =IF(ISERROR(C9)=TRUE,0,(IF(C9=TRUE,VLOOKUP('GT4 BUILD FORM'!B9,Part_Options!$A:$C,3,FALSE),0))) -> 0
A10: Unsilenced exhaust system: £435 | B10: R15/K5/006-A / R15/K5/007-A | C10: FALSE | D10: =IF(ISERROR(C10)=TRUE,0,(IF(C10=TRUE,VLOOKUP('GT4 BUILD FORM'!B10,Part_Options!$A:$C,3,FALSE),0))) -> 0
A11: Chassis
A12: Chassis lightened to optimise weight distribution with polycarbonate side and rear windows | C12: FALSE
A13: Side sills with exposed carbon fibre rib with carbon fibre side strakes | C13: FALSE
A14: Air jacks and lance | C14: FALSE
A15: Suspension
A16: Spherical joint suspension arms | C16: FALSE
A17: Adjustable anti-roll bar drop links - to neutralise the roll bars after corner-weighting | C17: FALSE
A18: Dome type wheel studs for quicker wheelchanges | C18: FALSE
A19: Brakes
A20: Race spec 6 piston monobloc calipers for 25 mm brake pads | C20: FALSE
A21: Uprated two-piece brake discs front and rear
A22: Twin front brake cooling ducts
A23: Motorsport specification pads
A24: Race-developed ABS and traction control system with full electronic adjustment
A25: Bias adjustable pedal box: £4930 | B25: R15-H9-051-A | C25: FALSE | D25: =IF(ISERROR(C25)=TRUE,0,(IF(C25=TRUE,VLOOKUP('GT4 BUILD FORM'!B25,Part_Options!$A:$C,3,FALSE),0))) -> 0
A26: Fuel System
A27: Centrally mounted, 115litre fuel cell | C27: FALSE
A28: 5 litre fuel collector - allows the addition of a low fuel level warning on the dash | B28: R15-T9-027 | C28: FALSE
A29: Electrical
A30: Aston Martin diagnostic system | B30: #R15-DIAGNOSTIC | C30: FALSE
A31: MSA BOX II ABS diagnostic interface - adjust parameters, diagnostics, bleed brakes: £830 | B31: F 02U V00 327-01 | C31: FALSE | D31: =IF(ISERROR(C31)=TRUE,0,(IF(C31=TRUE,VLOOKUP('GT4 BUILD FORM'!B31,Part_Options!$A:$C,3,FALSE),0))) -> 0
A32: LED auxilliary light kit (for night races): £1799 | B32: R15-Q9-115-A | C32: FALSE | D32: =IF(ISERROR(C32)=TRUE,0,(IF(C32=TRUE,VLOOKUP('GT4 BUILD FORM'!B32,Part_Options!$A:$C,3,FALSE),0))) -> 0
A33: Optima Red Top battery - mandatory for Pirelli World Challenge: £500 | B33: OPTIMA_BATT | C33: FALSE | D33: =IF(ISERROR(C33)=TRUE,0,(IF(C33=TRUE,VLOOKUP('GT4 BUILD FORM'!B33,Part_Options!$A:$C,3,FALSE),0))) -> 0
A34: Auxilliary Power Loom - Adds power connectors for radio, scrutineering logger, illuminated number panels, etc: £1717 | B34: R15-Q9-122-A | C34: FALSE | D34: =IF(ISERROR(C34)=TRUE,0,(IF(C34=TRUE,VLOOKUP('GT4 BUILD FORM'!B34,Part_Options!$A:$C,3,FALSE),0))) -> 0
A35: Interior
A36: IMSA approved Lifeline Zero 360: £190 | B36: 109-131-008 | C36: FALSE | D36: =IF(ISERROR(C36)=TRUE,0,(IF(C36=TRUE,VLOOKUP('GT4 BUILD FORM'!B36,Part_Options!$A:$C,3,FALSE),0))) -> 0
A37: Driver Seat - Recaro Pro Racer HANS XL: £100 | B37: #R15-SEAT-HANS-2012 | C37: FALSE | D37: =IF(ISERROR(C37)=TRUE,0,(IF(C37=TRUE,VLOOKUP('GT4 BUILD FORM'!B37,Part_Options!$A:$C,3,FALSE),0))) -> 0
A38: Driver Seat - Recaro Pro Racer HANS narrow: £100 | B38: #R15-SEAT-HANS-SM | C38: FALSE | D38: =IF(ISERROR(C38)=TRUE,0,(IF(C38=TRUE,VLOOKUP('GT4 BUILD FORM'!B38,Part_Options!$A:$C,3,FALSE),0))) -> 0
A39: Passenger seat - Recaro Pro Racer HANS XL - with Scroth 6 point harness & net: £1945 | B39: #R15-PASS-SEAT-HANS-2012 | C39: FALSE | D39: =IF(ISERROR(C39)=TRUE,0,(IF(C39=TRUE,VLOOKUP('GT4 BUILD FORM'!B39,Part_Options!$A:$C,3,FALSE),0))) -> 0
A40: Air-conditioning system: £1835 | B40: #R15-AIR-CON | C40: FALSE | D40: =IF(ISERROR(C40)=TRUE,0,(IF(C40=TRUE,VLOOKUP('GT4 BUILD FORM'!B40,Part_Options!$A:$C,3,FALSE),0))) -> 0
A41: Data System
A42: Cosworth ICD Pro full colour Dash & Data logger. | C42: FALSE
A43: Analogue sensor kit - ICD oil pressure, fuel pressure, six additional analogue sensor leads | C43: FALSE
A44: Cosworth 10 channel pitwall beacon: £355 | B44: 01F-152033 | C44: FALSE | D44: =IF(ISERROR(C44)=TRUE,0,(IF(C44=TRUE,VLOOKUP('GT4 BUILD FORM'!B44,Part_Options!$A:$C,3,FALSE),0))) -> 0
A45: GPS receiver - Start/finish line can be programmed into the logger so no need for a pit wall beacon: £365 | B45: 03A-05928 | C45: FALSE | D45: =IF(ISERROR(C45)=TRUE,0,(IF(C45=TRUE,VLOOKUP('GT4 BUILD FORM'!B45,Part_Options!$A:$C,3,FALSE),0))) -> 0
A46: Tyre pressure monitoring kit - Allows the driver to see his tyre pressures on the dash: £5,450 | B46: R15-Q9-114-A | C46: FALSE | D46: =IF(ISERROR(C46)=TRUE,0,(IF(C46=TRUE,VLOOKUP('GT4 BUILD FORM'!B46,Part_Options!$A:$C,3,FALSE),0))) -> 0
A47: Bodywork and Aerodynamics
A48: 2016 Vantage V12 bonnet
A49: PWC approved aero kit - adjustable wing to SCCA dimensions, splitter, diveplanes: £6000 | B49: PWC-AERO-KIT | C49: FALSE | D49: =IF(ISERROR(C49)=TRUE,0,(IF(C49=TRUE,VLOOKUP('GT4 BUILD FORM'!B49,Part_Options!$A:$C,3,FALSE),0))) -> 0
A50: Paint: match to sample: £2205 | B50: R15-OPT21 | C50: FALSE | D50: =IF(ISERROR(C50)=TRUE,0,(IF(C50=TRUE,VLOOKUP('GT4 BUILD FORM'!B50,Part_Options!$A:$C,3,FALSE),0))) -> 0
A51: Other
A52: Vantage GT4 car cover | C52: FALSE
A53: Airjack safety lock-out stands: £460 | B53: #R15Z003 | C53: FALSE | D53: =IF(ISERROR(C53)=TRUE,0,(IF(C53=TRUE,VLOOKUP('GT4 BUILD FORM'!B53,Part_Options!$A:$C,3,FALSE),0))) -> 0
A54: Two-stage safety stands kit to raise car double height of the airjack: £1870 | B54: R15-Z9-116-A | C54: FALSE | D54: =IF(ISERROR(C54)=TRUE,0,(IF(C54=TRUE,VLOOKUP('GT4 BUILD FORM'!B54,Part_Options!$A:$C,3,FALSE),0))) -> 0
A55: Extra front end paint protection: £255 | B55: GT4-HELITAPE-FRONT | C55: FALSE | D55: =IF(ISERROR(C55)=TRUE,0,(IF(C55=TRUE,VLOOKUP('GT4 BUILD FORM'!B55,Part_Options!$A:$C,3,FALSE),0))) -> 0
B56: Total | D56: =SUM(D3:D55) -> 158000
B57: VAT at 20% | C57: FALSE | D57: =IF(ISERROR(C57)=TRUE,0,(IF(C57=TRUE,D56*0.2,0))) -> 0
B58: Total Including VAT | D58: =D56+D57 -> 158000
A60: Further Information:
A62: CAR NO:
A63: AMR CONTACT: Andrew Williamson - Luc Paillard
A64: AMR POSITION: Customer Programmes Manager / Commercial Sales Manager
A65: AMR TELEPHONE: +44 (0) 1295 273 355 - +44 (0) 1295 754 330
A66: AMR EMAIL: awilliamson@astonmartinracing.com lpaillard@astonmartinracing.com
A68: DEPOSIT AMOUNT: | B68: =SUM(D58/2) -> 79000
A69: DEPOSIT RECEIVED:
A70: FINAL AMOUNT: | B70: =SUM(D58-B68) -> 79000
A71: FINAL AMOUNT DUE:
A72: EST COMPLETION:
A74: Terms
A75: Quotation: * This quotation is made without commitment and no contract will come into existence unless and until confirmed in writing on our Acknowledgment of Order Form. * This quote is valid for 14 days from the quotation date unless withdrawn earlier by us. * All goods are subject to availability. * All goods and/or services are supplied in accordance with our current standard terms and conditions of sale and loan a copy of which is available upon request. * Our terms and conditions of sale and loan limit our liability to you. In particular our goods and services are supplied without warranty to the fullest extent permitted by law. * It is the responsibility of the purchaser and user of our goods and services to determine their suitability and legality for their intended purpose. * We will not proceed with your order until we receive the Deposit and/or your Security Bond. * The deposit will be required to secure the order, which will be non-refundable in the event of cancellation. * The final balance payment is required to be paid in full 28 days before the delivery date, which will be confirmed on the order acknowledgement. * All prices quoted apply to the order of a new car in full. Prices for the supply of individual components will differ from those quoted above. Acknowledgment: * All Goods and/or Services are supplied in accordance with our current standard terms and conditions of sale and loan a copy of which is available upon request. * Our terms and conditions of sale and loan limit our liability to you. In particular our goods and services are supplied without warranty to the fullest extent permitted by law. * It is the responsibility of the purchaser and user of our goods and services to determine their suitability and legality for their intended purpose. * We will not proceed with your order until we receive the Deposit and/or your Security Bond. * All prices quoted apply to the order of a new car in full. Prices for the supply of individual components will differ from those quoted above. * Items removed from the base car are not included in the total price. Should items be requested, an additional charge will be made. * Refer to AMR terms and conditions for full details.
A76: I agree to be bound by and agree to the terms contained within this order form and the Prodrive standard terms and conditions.
A77: Purchaser's signature: | C77: Date:
A79: Address of purchaser:

Sheet Part_Options
A1: Part Number | B1: Description | C1: 2014 Retail
A2: #R12-GTE-IN-CAR-CAMERA | B2: In car camera kit | C2: 4250
A3: #R12-GTE-MRTC-RADIO-KIT | B3: MRTC radio kit | C3: 850
A4: #R12-GTE-NIGHT-RACE-KIT | B4: Night race kit | C4: 2360
A5: #R12-GTE-TPMS-KIT | B5: Tyre pressure monitoring kit | C5: 3760
A6: #R15-AERO-2012(2) | B6: Aero Kit: Adjustable rear wing, front splitter and diveplanes | C6: 5825
A7: #R15-AIR-CON | B7: Air-conditioning system | C7: 1835
A8: #R15-AIR-JACKS-2009 | B8: Air jacks and lance | C8: 2885
A9: #R15-ASM-GBOX-2012 | B9: ASM paddle shift transmission | C9: 16230
A10: #R15-BASE-CAR-4.7-2012 | B10: Aston Martin Vantage GT4 | C10: 109475
A11: #R15-CAR-2012-GRAND-AM | B11: Aston Martin Vantage GT4 Grand Am GS Continental Tyre Challenge | C11: 132095
A12: #R15-CAR-2013-USA-CUP | B12: Aston Martin Vantage GT4 US Cup | C12: 111415
A13: #R15-DIAGNOSTIC | B13: Aston Martin Diagnostic System: Use to bleed brakes and clutch, tune transmission and diagnose faults. Touchscreen system. Aluminium briefcase. | C13: 6265
... A15: #R15-ENDURANCE-DSHAFT | B15: Endurance drive shafts | C15: 1860
A16: #R15-FUEL-ENDURANCE-DUEL | C16: 12740
A17: #R15H021 | B17: Uprated Brake Package: Improvement over road car brakes. Four-piston monoblock calipers. High-performance race pads. Uprated two-piece front brake discs. Twin front brake cooling ducts. Motorsport specification pads. | C17: 4345
A18: #R15H025 / #R15H026 | B18: Adjustable pedal box - Standard & Endurance Race: Allows adjust of brake bias front to rear. Servo is removed. | C18: 6195
A19: #R15H026 | B19: Adjustable pedal box - Endurance Race: Allows adjust of brake bias front to rear. Larger cylinders for use with endurance brake calipers. | C19: 5830
A20: #R15H039 | B20: Endurance Brake Package: Increased performance and reduced pad changes. Race spec Six-piston monobloc calipers, allowing the use of 25mm thick high-performance race pads. Uprated two-piece brake discs front and rear. Twin front brake cooling ducts. Motorsport specifications pads. | C20: 6495
A21: #R15H050 / #R15H051 | B21: Race-developed ABS and Traction control system: Full electronic adjustment. Spec to suit road or race pedal box. | C21: 7660
A22: #R15-MANUAL-GBOX-2012 | B22: Manual transmission | C22: 10590
A23: #R15-PASS-SEAT-HANS-2012 | B23: Passenger Seat Kit: Recaro Pro Racer HANS XL, Sabelt 6 point harness, Runners. | C23: 1945
A24: #R15-PASS-SEAT-POLL-2012 | B24: Passenger Seat Kit: Recaro Pole Position, Sabelt 6 point harness, Runners. | C24: 1050
A25: #R15Q018 | B25: Cosworth PI Omega Analogue Sensor Kit | C25: 1140
A26: #R15Q023 | B26: Cosworth PI Omega Loom & Pressure Sensor Kit | C26: 415
A27: #R15Q024 | B27: OMEGA D4 PLUS ANALOGUE EXP KIT | C27: 750
A28: #R15-RAIN-LIGHT | B28: Rain light: Mandatory in SRO GT4 events. | C28: 255
... A48: R15/Q5/031-A | B48: Jump battery lead: To connect a jump battery to the Anderson plug on the car. | C48: 80
A49: R15/T9/001-A | C49: 13600
A50: R15-G9-013-A | B50: Steering quick release - Rapfix type: No need to align wheel when fitting. Slot on, turn & it snaps in place. | C50: 385
A51: R15-G9-014-A | B51: Steering quick release - Lifeline type | C51: 580
A52: R15-H9-047-A | B52: Standard ABS and traction control system. | C52: 1020
A53: R15-H9-050-A / R15-H9-051-A | B53: Adjustable pedal box for Race ABS and Uprated or Endurance calipers: Allows adjust of brake bias front to rear. Servo is removed. | C53: 5600
A54: R15-H9-051-A | B54: Adjustable pedal box for Race ABS and Endurance calipers: Allows adjust of brake bias front to rear. Larger cylinders for use with endurance brake calipers. | C54: 4930
A55: R15-INDOOR-CAR-COVER | B55: Aston Martin car cover: Indoor | C55: 395
A56: R15-M9-022-A | B56: Standard Driveshafts | C56: 450
A57: R15-OPT20 | B57: Aston Martin solid white | C57: 0
A58: R15-OPT21 | B58: Aston Martin Racing Green | C58: 2205
A59: R15-OPT22 | B59: Aston Martin titanium silver | C59: 2205
A60: R15-OPT26 | B60: Match to sample | C60: 3305
A61: R15-OPT29 | B61: Mechanical training course. 1 day at Aston Martin Racing. | C61: 420
... A140: R15-T9-027 | B140: 5 litre fuel collector - allows the addition of a low fuel level warning on the dash | C140: 1000
